[ PARTIDA AOE2 · #481942408 ]
UnrankedTeutones vs Goths
[ ANÁLISIS DE REPETICIÓN · EXTRAÍDO DE LA PARTIDA GRABADA ]
Feudal
12:23
Castillos
19:38
Imperial
36:09
| APM promedio | 18.2 |
| APM pico | 56 |
| eAPM promedio | 10.0 |
| Aldeanos / militares | 78 / 88 |
Foco
⚔️ 26.1% · 🌾 73.9%
Knight ×52 · Teutonic Knight ×11 · Scorpion ×10 · Spearman ×6 · Trebuchet (Packed) ×6 · Trade Cart ×5
Feudal
11:51
Castillos
17:01
Imperial
51:56
| APM promedio | 17.0 |
| APM pico | 37 |
| eAPM promedio | 11.4 |
| Aldeanos / militares | 87 / 353 |
Foco
⚔️ 39.0% · 🌾 61.0%
Huskarl ×181 · Spearman ×100 · Militia ×67 · Battering Ram ×3 · Unknown (1105) ×2 · Trebuchet (Packed) ×2
Feudal
12:43
Castillos
19:43
Imperial
39:39
| APM promedio | 28.5 |
| APM pico | 95 |
| eAPM promedio | 15.2 |
| Aldeanos / militares | 113 / 119 |
Foco
⚔️ 36.4% · 🌾 63.6%
Knight ×61 · Archer ×22 · Hand Cannoneer ×17 · Spearman ×11 · Trade Cart ×6 · Militia ×2
Feudal
10:56
Castillos
24:55
Imperial
38:33
| APM promedio | 31.7 |
| APM pico | 117 |
| eAPM promedio | 15.3 |
| Aldeanos / militares | 66 / 166 |
Foco
⚔️ 48.2% · 🌾 51.8%
Skirmisher ×77 · Spearman ×74 · Cataphract ×11 · Trade Cart ×4 · Trebuchet (Packed) ×4
Feudal
10:47
Castillos
17:39
Imperial
29:26
| APM promedio | 26.0 |
| APM pico | 50 |
| eAPM promedio | 14.8 |
| Aldeanos / militares | 65 / 158 |
Foco
⚔️ 35.0% · 🌾 65.0%
Knight ×99 · Organ Gun ×45 · Bombard Cannon ×12 · Trebuchet (Packed) ×2
Feudal
11:44
Castillos
15:47
Imperial
35:23
| APM promedio | 16.5 |
| APM pico | 61 |
| eAPM promedio | 12.2 |
| Aldeanos / militares | 170 / 207 |
Foco
⚔️ 24.1% · 🌾 75.9%
Archer ×135 · Longbowman ×65 · Monk ×3 · Scout Cavalry ×2 · Trebuchet (Packed) ×2
Mapa de la partida
Recursos iniciales + cada clic de construcción. Líneas = muros · curvas = relieve. ◆ oro · ⬟ piedra · ● bayas · ✦ reliquia · ◌ hueco del cierre
Tu base· ✓ Cerrada en 19:38 · 0t muro · 2 puerta(s)
Base de LanChesslot· ✓ Cerrada en 17:01 · 0t muro · 3 puerta(s)
Base de CAMPURRIANAS· ✓ Cerrada en 19:43 · 0t muro · 3 puerta(s)
Base de ModernSamurai· ✓ Cerrada en 24:55 · 0t muro · 2 puerta(s)
Base de nicodomax· ✓ Cerrada en 17:39 · 0t muro · 2 puerta(s)
Base de gregor.rus14· ✓ Cerrada en 15:47 · 1t muro · 2 puerta(s)
Terreno inicial suavizado · ◌ = hueco del cierre detectado · pasá el cursor para detalles
Inputs por minuto
— KcoasRaulMx - - LanChesslot
Build order — KcoasRaulMx
Primeras 150 de 239 acciones detectadas
| 0:03 | Crear | Villager (Male) |
| 0:09 | Construir | House |
| 0:10 | Construir | House |
| 0:11 | Construir | House |
| 0:13 | Construir | House |
| 0:34 | Investigar | Loom |
| 0:35 | Crear | Villager (Male) |
| 0:35 | Crear | Villager (Male) |
| 0:35 | Crear | Villager (Male) |
| 2:03 | Construir | Lumber Camp |
| 2:08 | Crear | Villager (Male) |
| 2:08 | Crear | Villager (Male) |
| 2:37 | Crear | Villager (Male) |
| 3:04 | Crear | Villager (Male) |
| 3:29 | Crear | Villager (Male) |
| 3:50 | Crear | Villager (Male) |
| 4:11 | Crear | Villager (Male) |
| 4:43 | Crear | Villager (Male) |
| 4:55 | Crear | Villager (Male) |
| 5:30 | Crear | Villager (Male) |
| 5:49 | Crear | Villager (Male) |
| 6:07 | Construir | Mill |
| 6:28 | Crear | Villager (Male) |
| 6:43 | Crear | Villager (Male) |
| 7:16 | Crear | Villager (Male) |
| 7:23 | Construir | Mill |
| 7:28 | Crear | Villager (Male) |
| 7:57 | Construir | House |
| 7:58 | Construir | House |
| 8:00 | Construir | House |
| 8:01 | Construir | House |
| 8:02 | Construir | House |
| 8:04 | Construir | House |
| 8:08 | Crear | Villager (Male) |
| 8:16 | Crear | Villager (Male) |
| 8:29 | Construir | Farm |
| 8:29 | Construir | Farm |
| 8:36 | Construir | Farm |
| 8:46 | Crear | Villager (Male) |
| 9:06 | Crear | Villager (Male) |
| 9:20 | Construir | Farm |
| 9:32 | Crear | Villager (Male) |
| 10:02 | Construir | Lumber Camp |
| 10:09 | Investigar | Feudal Age |
| 10:18 | Construir | Farm |
| 11:04 | Crear | Villager (Male) |
| 11:04 | Crear | Villager (Male) |
| 11:04 | Crear | Villager (Male) |
| 11:05 | Crear | Villager (Male) |
| 11:07 | Crear | Villager (Male) |
| 11:08 | Crear | Villager (Male) |
| 11:26 | Construir | Farm |
| 11:31 | Construir | Farm |
| 11:35 | Construir | Farm |
| 11:52 | Crear | Villager (Male) |
| 12:23 | Edad | Edad Feudal |
| 12:26 | Investigar | Double-Bit Axe |
| 12:29 | Investigar | Horse Collar |
| 12:54 | Construir | Mining Camp |
| 13:29 | Construir | Farm |
| 13:35 | Construir | Farm |
| 13:35 | Construir | Farm |
| 13:36 | Construir | Farm |
| 13:36 | Construir | Farm |
| 14:20 | Construir | Blacksmith |
| 14:43 | Construir | Farm |
| 14:51 | Construir | Farm |
| 14:57 | Crear | Villager (Male) |
| 15:09 | Construir | House |
| 15:15 | Construir | House |
| 15:20 | Investigar | Gold Mining |
| 15:30 | Crear | Villager (Male) |
| 15:59 | Construir | Market |
| 16:05 | Crear | Villager (Male) |
| 16:29 | Crear | Villager (Male) |
| 16:52 | Investigar | Castle Age |
| 17:11 | Construir | Barracks |
| 17:16 | Investigar | Forging |
| 17:17 | Investigar | Scale Barding Armor |
| 17:51 | Investigar | Stone Mining |
| 18:17 | Construir | Stable |
| 18:23 | Construir | Stable |
| 18:28 | Crear | Spearman |
| 18:32 | Crear | Spearman |
| 18:39 | Crear | Villager (Male) |
| 18:43 | Investigar | Scale Mail Armor |
| 19:06 | Crear | Spearman |
| 19:13 | Investigar | Bloodlines |
| 19:23 | Crear | Villager (Male) |
| 19:28 | Crear | Spearman |
| 19:38 | Edad | Edad de los Castillos |
| 19:40 | Investigar | Chain Barding Armor |
| 19:52 | Crear | Villager (Male) |
| 19:57 | Crear | Knight |
| 20:05 | Crear | Spearman |
| 20:06 | Crear | Spearman |
| 20:12 | Crear | Knight |
| 20:12 | Crear | Knight |
| 20:19 | Construir | Siege Workshop |
| 20:26 | Construir | Mining Camp |
| 20:30 | Investigar | Bow Saw |
| 20:40 | Crear | Villager (Male) |
| 20:56 | Crear | Villager (Male) |
| 21:16 | Crear | Battering Ram |
| 21:20 | Crear | Villager (Male) |
| 21:47 | Crear | Villager (Male) |
| 21:58 | Investigar | Squires |
| 22:20 | Crear | Villager (Male) |
| 22:26 | Crear | Battering Ram |
| 22:33 | Construir | Barracks |
| 22:37 | Crear | Villager (Male) |
| 22:56 | Construir | Lumber Camp |
| 23:03 | Construir | University |
| 23:13 | Construir | House |
| 23:16 | Construir | House |
| 23:26 | Construir | Farm |
| 23:32 | Construir | Farm |
| 23:42 | Crear | Villager (Male) |
| 23:57 | Investigar | Heavy Plow |
| 24:09 | Crear | Villager (Male) |
| 24:11 | Crear | Villager (Male) |
| 24:42 | Investigar | Iron Casting |
| 24:44 | Crear | Villager (Male) |
| 24:56 | Construir | Town Center |
| 24:58 | Crear | Villager (Male) |
| 25:43 | Construir | Castle |
| 25:56 | Crear | Villager (Male) |
| 26:07 | Crear | Villager (Male) |
| 26:29 | Investigar | Ballistics |
| 26:39 | Crear | Villager (Male) |
| 26:46 | Crear | Villager (Male) |
| 26:46 | Crear | Villager (Male) |
| 26:50 | Crear | Villager (Male) |
| 26:51 | Crear | Villager (Male) |
| 26:59 | Construir | Mining Camp |
| 27:04 | Investigar | Fletching |
| 27:20 | Construir | Farm |
| 27:29 | Crear | Villager (Male) |
| 27:34 | Crear | Villager (Male) |
| 27:57 | Construir | Siege Workshop |
| 28:08 | Construir | Town Center |
| 28:56 | Crear | Knight ×5 |
| 29:09 | Investigar | Bodkin Arrow |
| 29:24 | Crear | Scorpion |
| 29:25 | Crear | Scorpion |
| 29:27 | Crear | Scorpion |
| 29:27 | Crear | Scorpion |
| 29:31 | Investigar | Town Watch |
| 30:03 | Construir | Farm |
| 30:44 | Crear | Villager (Male) |
Build order — LanChesslot
Primeras 150 de 353 acciones detectadas
| 0:03 | Construir | House |
| 0:05 | Construir | House |
| 0:05 | Crear | Villager (Male) |
| 0:06 | Crear | Villager (Male) |
| 0:08 | Crear | Villager (Male) |
| 0:08 | Crear | Villager (Male) |
| 0:09 | Crear | Villager (Male) |
| 1:44 | Crear | Villager (Male) |
| 2:20 | Construir | Lumber Camp |
| 2:40 | Crear | Villager (Male) |
| 2:40 | Crear | Villager (Male) |
| 3:07 | Crear | Villager (Male) |
| 3:08 | Crear | Villager (Male) |
| 4:00 | Construir | House |
| 4:25 | Crear | Villager (Male) |
| 4:26 | Crear | Villager (Male) |
| 5:17 | Crear | Villager (Male) |
| 5:17 | Crear | Villager (Male) |
| 6:09 | Crear | Villager (Male) |
| 6:26 | Construir | House |
| 6:32 | Crear | Villager (Male) |
| 7:00 | Crear | Villager (Male) |
| 7:01 | Crear | Villager (Male) |
| 7:19 | Construir | Mill |
| 7:27 | Crear | Villager (Male) |
| 8:01 | Crear | Villager (Male) |
| 8:17 | Construir | Mill |
| 8:38 | Crear | Villager (Male) |
| 8:38 | Crear | Villager (Male) |
| 8:57 | Construir | Lumber Camp |
| 9:41 | Investigar | Feudal Age |
| 10:10 | Construir | Mining Camp |
| 10:43 | Construir | House |
| 11:26 | Crear | Villager (Male) |
| 11:28 | Crear | Villager (Male) |
| 11:51 | Edad | Edad Feudal |
| 11:54 | Construir | Blacksmith |
| 12:04 | Construir | Market |
| 12:22 | Construir | Farm |
| 12:36 | Construir | Farm |
| 12:47 | Construir | Farm |
| 12:49 | Crear | Villager (Male) |
| 13:20 | Construir | Farm |
| 13:24 | Crear | Villager (Male) |
| 13:26 | Crear | Villager (Male) |
| 13:42 | Construir | Farm |
| 14:21 | Investigar | Castle Age |
| 14:37 | Construir | Farm |
| 14:46 | Construir | Farm |
| 14:58 | Construir | Farm |
| 14:58 | Construir | Farm |
| 14:59 | Construir | Farm |
| 15:00 | Construir | Farm |
| 15:00 | Construir | Farm |
| 15:27 | Construir | House |
| 15:30 | Construir | House |
| 15:33 | Construir | House |
| 15:41 | Investigar | Double-Bit Axe |
| 17:01 | Edad | Edad de los Castillos |
| 17:13 | Crear | Villager (Male) |
| 17:14 | Crear | Villager (Male) |
| 17:20 | Construir | Town Center |
| 17:35 | Crear | Villager (Male) |
| 17:52 | Construir | Barracks |
| 18:02 | Crear | Villager (Male) |
| 19:32 | Construir | Farm |
| 19:32 | Construir | Farm |
| 19:34 | Crear | Villager (Male) |
| 19:35 | Crear | Villager (Male) |
| 19:36 | Crear | Villager (Male) |
| 19:36 | Crear | Villager (Male) |
| 19:37 | Crear | Villager (Male) |
| 19:46 | Investigar | Man-at-Arms (upgrade) |
| 19:54 | Crear | Villager (Male) |
| 19:55 | Crear | Villager (Male) |
| 20:00 | Construir | Town Center |
| 20:10 | Construir | Farm |
| 20:11 | Crear | Villager (Male) |
| 20:12 | Crear | Villager (Male) |
| 20:23 | Construir | House |
| 20:25 | Construir | House |
| 20:27 | Construir | House |
| 20:28 | Construir | House |
| 20:36 | Construir | Farm |
| 20:40 | Investigar | Forging |
| 20:42 | Investigar | Scale Mail Armor |
| 20:50 | Investigar | Long Swordsman (upgrade) |
| 20:51 | Crear | Militia |
| 20:52 | Crear | Militia |
| 20:53 | Crear | Militia |
| 20:53 | Crear | Militia |
| 21:03 | Construir | Farm |
| 21:04 | Crear | Villager (Male) |
| 21:04 | Crear | Villager (Male) |
| 21:04 | Crear | Villager (Male) |
| 21:05 | Crear | Villager (Male) |
| 21:22 | Crear | Villager (Male) |
| 21:23 | Crear | Villager (Male) |
| 21:29 | Construir | Farm |
| 21:38 | Investigar | Horse Collar |
| 21:52 | Crear | Villager (Male) |
| 21:52 | Crear | Villager (Male) |
| 21:58 | Construir | Farm |
| 22:14 | Construir | Farm |
| 22:14 | Construir | Farm |
| 22:14 | Construir | Farm |
| 22:29 | Construir | Farm |
| 22:31 | Crear | Villager (Male) |
| 22:33 | Crear | Villager (Male) |
| 22:36 | Crear | Villager (Male) |
| 22:44 | Construir | Farm |
| 22:46 | Construir | Farm |
| 22:58 | Construir | House |
| 23:00 | Construir | House |
| 23:02 | Construir | House |
| 23:03 | Construir | House |
| 23:08 | Crear | Militia |
| 23:09 | Crear | Militia |
| 23:24 | Construir | Siege Workshop |
| 23:27 | Crear | Militia |
| 23:33 | Investigar | Iron Casting |
| 23:37 | Crear | Villager (Male) |
| 23:37 | Crear | Villager (Male) |
| 23:38 | Crear | Villager (Male) |
| 23:47 | Crear | Villager (Male) |
| 23:47 | Crear | Villager (Male) |
| 23:54 | Crear | Villager (Male) |
| 23:54 | Crear | Villager (Male) |
| 24:16 | Investigar | Squires |
| 24:23 | Crear | Unit 1105 |
| 24:35 | Crear | Spearman |
| 24:36 | Crear | Spearman |
| 24:37 | Crear | Spearman |
| 24:37 | Crear | Spearman |
| 24:37 | Crear | Spearman |
| 25:00 | Crear | Militia |
| 25:05 | Crear | Militia |
| 25:23 | Crear | Villager (Male) |
| 25:23 | Crear | Villager (Male) |
| 25:24 | Crear | Villager (Male) |
| 25:30 | Construir | Barracks |
| 25:39 | Construir | House |
| 25:40 | Construir | House |
| 25:44 | Investigar | Chain Mail Armor |
| 25:50 | Crear | Militia |
| 25:50 | Crear | Militia |
| 26:22 | Crear | Villager (Male) |
| 26:23 | Crear | Villager (Male) |
| 26:23 | Crear | Villager (Male) |
| 26:24 | Crear | Villager (Male) |
Build order — CAMPURRIANAS
Primeras 150 de 401 acciones detectadas
| 0:11 | Construir | House |
| 0:14 | Construir | House |
| 0:18 | Crear | Villager (Male) |
| 0:19 | Crear | Villager (Male) |
| 0:19 | Crear | Villager (Male) |
| 0:19 | Crear | Villager (Male) |
| 1:41 | Crear | Villager (Male) |
| 2:26 | Crear | Villager (Male) |
| 2:26 | Crear | Villager (Male) |
| 2:29 | Construir | Lumber Camp |
| 2:36 | Crear | Villager (Male) |
| 2:36 | Crear | Villager (Male) |
| 2:59 | Crear | Villager (Male) |
| 3:14 | Construir | House |
| 3:30 | Crear | Villager (Male) |
| 4:14 | Crear | Villager (Male) |
| 4:32 | Construir | Mill |
| 4:37 | Crear | Villager (Male) |
| 4:44 | Crear | Villager (Male) |
| 5:11 | Crear | Villager (Male) |
| 5:47 | Crear | Villager (Male) |
| 6:06 | Construir | House |
| 6:14 | Construir | Barracks |
| 6:20 | Crear | Villager (Male) |
| 7:11 | Crear | Villager (Male) |
| 7:13 | Investigar | Loom |
| 8:01 | Crear | Villager (Male) |
| 8:27 | Crear | Villager (Male) |
| 9:17 | Crear | Villager (Male) |
| 9:23 | Construir | House |
| 9:42 | Crear | Villager (Male) |
| 9:53 | Crear | Villager (Male) |
| 10:33 | Investigar | Feudal Age |
| 10:48 | Construir | Mining Camp |
| 11:04 | Construir | Farm |
| 11:05 | Construir | Farm |
| 11:05 | Construir | Farm |
| 11:06 | Construir | Farm |
| 11:07 | Construir | Farm |
| 11:08 | Construir | Farm |
| 11:26 | Construir | Mill |
| 12:10 | Crear | Villager (Male) |
| 12:43 | Edad | Edad Feudal |
| 12:44 | Investigar | Double-Bit Axe |
| 12:46 | Investigar | Gold Mining |
| 12:58 | Construir | Blacksmith |
| 13:15 | Construir | Stable |
| 13:22 | Construir | House |
| 13:26 | Investigar | Wheelbarrow |
| 13:32 | Construir | House |
| 13:41 | Crear | Villager (Male) |
| 14:05 | Investigar | Scale Barding Armor |
| 14:19 | Crear | Villager (Male) |
| 14:30 | Crear | Scout Cavalry |
| 14:42 | Crear | Scout Cavalry |
| 15:34 | Construir | Market |
| 15:42 | Construir | House |
| 15:45 | Construir | House |
| 15:48 | Construir | Farm |
| 15:48 | Construir | Farm |
| 16:08 | Construir | Farm |
| 16:08 | Construir | Farm |
| 17:03 | Investigar | Castle Age |
| 17:45 | Crear | Villager (Male) |
| 17:49 | Investigar | Stone Mining |
| 17:55 | Construir | Mining Camp |
| 17:58 | Crear | Villager (Male) |
| 19:31 | Investigar | Forging |
| 19:43 | Edad | Edad de los Castillos |
| 19:46 | Crear | Knight |
| 19:46 | Crear | Knight |
| 19:50 | Investigar | Bow Saw |
| 19:54 | Investigar | Gold Shaft Mining |
| 20:13 | Construir | Town Center |
| 21:17 | Crear | Villager (Male) |
| 21:20 | Investigar | Hand Cart |
| 21:43 | Construir | Farm |
| 21:44 | Construir | Farm |
| 21:53 | Construir | Farm |
| 22:07 | Construir | Lumber Camp |
| 22:17 | Crear | Villager (Male) |
| 22:17 | Crear | Villager (Male) |
| 22:57 | Construir | Farm |
| 22:59 | Construir | Farm |
| 23:03 | Construir | Farm |
| 24:02 | Crear | Villager (Male) |
| 24:02 | Crear | Villager (Male) |
| 24:02 | Crear | Villager (Male) |
| 24:03 | Crear | Villager (Male) |
| 24:04 | Crear | Villager (Male) |
| 24:15 | Construir | Town Center |
| 24:28 | Investigar | Iron Casting |
| 24:41 | Construir | Farm |
| 24:42 | Construir | Farm |
| 24:43 | Construir | Farm |
| 24:59 | Construir | Stable |
| 25:46 | Crear | Knight |
| 25:46 | Crear | Knight |
| 25:51 | Investigar | Light Cavalry (upgrade) |
| 25:52 | Investigar | Husbandry |
| 27:10 | Construir | Mining Camp |
| 27:12 | Crear | Villager (Male) |
| 27:13 | Crear | Villager (Male) |
| 27:13 | Crear | Villager (Male) |
| 27:13 | Crear | Villager (Male) |
| 27:14 | Crear | Villager (Male) |
| 27:14 | Crear | Villager (Male) |
| 27:14 | Crear | Villager (Male) |
| 27:15 | Crear | Villager (Male) |
| 27:19 | Crear | Knight |
| 27:20 | Crear | Knight |
| 27:20 | Crear | Knight |
| 27:27 | Crear | Knight |
| 27:27 | Crear | Knight |
| 27:33 | Crear | Knight |
| 27:43 | Construir | Farm |
| 27:43 | Construir | Farm |
| 27:44 | Construir | Farm |
| 27:49 | Construir | Farm |
| 29:23 | Construir | Farm |
| 29:24 | Construir | Farm |
| 29:24 | Construir | Farm |
| 29:24 | Construir | Farm |
| 29:24 | Construir | Farm |
| 29:37 | Construir | Farm |
| 29:37 | Construir | Farm |
| 29:37 | Construir | Farm |
| 29:38 | Construir | Farm |
| 29:41 | Crear | Villager (Male) |
| 29:42 | Crear | Villager (Male) |
| 29:42 | Crear | Villager (Male) |
| 29:42 | Crear | Villager (Male) |
| 29:47 | Investigar | Chain Barding Armor |
| 29:58 | Construir | Town Center |
| 30:09 | Crear | Knight |
| 30:09 | Crear | Knight |
| 30:10 | Crear | Knight |
| 30:11 | Crear | Knight |
| 30:11 | Crear | Knight |
| 30:25 | Construir | Farm |
| 30:27 | Construir | Farm |
| 31:20 | Crear | Knight |
| 31:20 | Crear | Knight |
| 31:20 | Crear | Knight |
| 32:28 | Crear | Knight |
| 32:28 | Crear | Knight |
| 32:34 | Construir | Farm |
| 32:35 | Crear | Villager (Male) |
| 32:36 | Crear | Villager (Male) |
| 32:36 | Crear | Villager (Male) |
Build order — ModernSamurai
Primeras 150 de 371 acciones detectadas
| 0:03 | Crear | Villager (Male) |
| 0:03 | Crear | Villager (Male) |
| 0:03 | Crear | Villager (Male) |
| 0:04 | Crear | Villager (Male) |
| 0:06 | Construir | House |
| 0:08 | Construir | House |
| 1:38 | Crear | Villager (Male) |
| 2:02 | Construir | Lumber Camp |
| 2:06 | Crear | Villager (Male) |
| 2:28 | Construir | House |
| 2:36 | Crear | Villager (Male) |
| 2:53 | Crear | Villager (Male) |
| 3:22 | Crear | Villager (Male) |
| 4:24 | Crear | Villager (Male) |
| 5:01 | Crear | Villager (Male) |
| 5:01 | Crear | Villager (Male) |
| 5:23 | Crear | Villager (Male) |
| 5:33 | Crear | Villager (Male) |
| 5:57 | Crear | Villager (Male) |
| 6:29 | Construir | House |
| 6:40 | Crear | Villager (Male) |
| 6:51 | Crear | Villager (Male) |
| 7:11 | Construir | Mill |
| 7:14 | Crear | Villager (Male) |
| 7:58 | Crear | Villager (Male) |
| 8:36 | Investigar | Feudal Age |
| 8:42 | Investigar | Loom |
| 8:53 | Construir | Mining Camp |
| 9:11 | Construir | House |
| 9:44 | Crear | Villager (Male) |
| 9:44 | Crear | Villager (Male) |
| 10:16 | Construir | Barracks |
| 10:56 | Edad | Edad Feudal |
| 11:07 | Construir | Farm |
| 11:11 | Construir | Farm |
| 11:14 | Crear | Villager (Male) |
| 11:22 | Investigar | Double-Bit Axe |
| 11:45 | Construir | Blacksmith |
| 11:49 | Crear | Villager (Male) |
| 11:50 | Crear | Villager (Male) |
| 11:59 | Construir | Farm |
| 12:04 | Construir | Farm |
| 12:07 | Crear | Villager (Male) |
| 12:32 | Construir | Archery Range |
| 12:36 | Crear | Villager (Male) |
| 12:47 | Construir | House |
| 13:19 | Crear | Villager (Male) |
| 13:31 | Construir | Mining Camp |
| 13:35 | Crear | Villager (Male) |
| 13:58 | Construir | Farm |
| 14:01 | Crear | Villager (Male) |
| 14:14 | Construir | Market |
| 14:25 | Crear | Villager (Male) |
| 14:44 | Construir | Farm |
| 14:49 | Construir | Farm |
| 14:54 | Crear | Villager (Male) |
| 15:02 | Crear | Skirmisher |
| 15:02 | Crear | Skirmisher |
| 15:02 | Crear | Skirmisher |
| 15:07 | Crear | Skirmisher |
| 15:19 | Crear | Villager (Male) |
| 15:32 | Construir | House |
| 15:45 | Crear | Villager (Male) |
| 16:05 | Crear | Trade Cart |
| 16:06 | Crear | Trade Cart |
| 16:08 | Crear | Trade Cart |
| 16:11 | Crear | Villager (Male) |
| 17:03 | Crear | Villager (Male) |
| 17:03 | Crear | Villager (Male) |
| 17:11 | Construir | House |
| 17:14 | Investigar | Wheelbarrow |
| 17:17 | Investigar | Wheelbarrow |
| 17:17 | Crear | Villager (Male) |
| 17:18 | Crear | Villager (Male) |
| 17:54 | Crear | Villager (Male) |
| 18:02 | Construir | Farm |
| 18:02 | Construir | Farm |
| 18:02 | Construir | Farm |
| 18:03 | Construir | Farm |
| 18:04 | Construir | Farm |
| 18:24 | Construir | Farm |
| 18:30 | Construir | Farm |
| 18:37 | Construir | Farm |
| 18:41 | Construir | Farm |
| 19:27 | Crear | Villager (Male) |
| 19:27 | Crear | Villager (Male) |
| 19:31 | Investigar | Gold Mining |
| 19:32 | Investigar | Stone Mining |
| 19:52 | Investigar | Stone Mining |
| 19:56 | Investigar | Fletching |
| 19:56 | Investigar | Padded Archer Armor |
| 20:09 | Construir | House |
| 20:19 | Construir | House |
| 20:21 | Construir | House |
| 20:22 | Construir | House |
| 20:23 | Construir | House |
| 20:25 | Construir | House |
| 20:26 | Construir | House |
| 20:32 | Crear | Villager (Male) |
| 21:04 | Crear | Villager (Male) |
| 21:24 | Crear | Trade Cart |
| 21:40 | Crear | Villager (Male) |
| 22:12 | Crear | Villager (Male) |
| 22:15 | Investigar | Castle Age |
| 22:24 | Crear | Villager (Male) |
| 22:46 | Construir | Lumber Camp |
| 22:51 | Crear | Villager (Male) |
| 23:03 | Crear | Skirmisher |
| 23:03 | Crear | Skirmisher |
| 23:33 | Crear | Spearman |
| 23:33 | Crear | Spearman |
| 23:34 | Crear | Spearman |
| 23:34 | Crear | Spearman |
| 23:35 | Crear | Spearman |
| 23:36 | Crear | Spearman |
| 23:43 | Investigar | Forging |
| 23:45 | Investigar | Scale Mail Armor |
| 24:27 | Crear | Villager (Male) |
| 24:55 | Edad | Edad de los Castillos |
| 25:01 | Crear | Villager (Male) |
| 26:23 | Crear | Villager (Male) |
| 26:24 | Crear | Villager (Male) |
| 26:24 | Crear | Villager (Male) |
| 26:37 | Investigar | Squires |
| 26:37 | Investigar | Squires |
| 26:38 | Investigar | Pikeman (upgrade) |
| 26:39 | Crear | Spearman |
| 26:40 | Crear | Spearman |
| 26:40 | Crear | Spearman |
| 29:35 | Crear | Spearman |
| 29:35 | Crear | Spearman |
| 29:36 | Crear | Spearman |
| 29:38 | Crear | Spearman |
| 29:39 | Crear | Spearman |
| 29:46 | Construir | Farm |
| 29:54 | Investigar | Iron Casting |
| 29:55 | Investigar | Chain Mail Armor |
| 30:31 | Construir | Castle |
| 30:38 | Crear | Villager (Male) |
| 30:47 | Crear | Villager (Male) |
| 30:48 | Investigar | Hand Cart |
| 32:18 | Crear | Spearman |
| 32:18 | Crear | Spearman |
| 32:18 | Crear | Spearman |
| 32:18 | Crear | Spearman |
| 32:19 | Crear | Spearman |
| 34:08 | Crear | Villager (Male) |
| 34:08 | Crear | Villager (Male) |
| 34:09 | Crear | Villager (Male) |
| 34:32 | Construir | Barracks |
Build order — nicodomax
Primeras 150 de 349 acciones detectadas
| 0:03 | Construir | House |
| 0:05 | Construir | House |
| 0:06 | Crear | Villager (Male) |
| 0:06 | Crear | Villager (Male) |
| 0:06 | Crear | Villager (Male) |
| 0:21 | Crear | Villager (Male) |
| 1:04 | Investigar | Loom |
| 1:56 | Crear | Villager (Male) |
| 1:56 | Crear | Villager (Male) |
| 2:34 | Crear | Villager (Male) |
| 2:35 | Crear | Villager (Male) |
| 2:50 | Construir | Lumber Camp |
| 2:54 | Crear | Villager (Male) |
| 3:19 | Crear | Villager (Male) |
| 4:10 | Crear | Villager (Male) |
| 4:28 | Construir | Mill |
| 4:37 | Crear | Villager (Male) |
| 4:38 | Crear | Villager (Male) |
| 4:55 | Construir | House |
| 5:13 | Crear | Villager (Male) |
| 5:13 | Crear | Villager (Male) |
| 5:37 | Crear | Villager (Male) |
| 6:49 | Crear | Villager (Male) |
| 6:49 | Crear | Villager (Male) |
| 6:59 | Construir | House |
| 7:46 | Construir | Mining Camp |
| 7:54 | Crear | Villager (Male) |
| 7:54 | Crear | Villager (Male) |
| 8:37 | Investigar | Feudal Age |
| 9:00 | Construir | House |
| 10:21 | Construir | Farm |
| 10:31 | Construir | Farm |
| 10:36 | Construir | Farm |
| 10:44 | Crear | Villager (Male) |
| 10:44 | Crear | Villager (Male) |
| 10:45 | Crear | Villager (Male) |
| 10:47 | Edad | Edad Feudal |
| 10:49 | Investigar | Double-Bit Axe |
| 10:56 | Construir | Blacksmith |
| 11:18 | Construir | Mill |
| 11:24 | Construir | Farm |
| 11:34 | Crear | Villager (Male) |
| 12:03 | Crear | Villager (Male) |
| 12:04 | Crear | Villager (Male) |
| 12:11 | Construir | Farm |
| 12:30 | Crear | Villager (Male) |
| 12:34 | Construir | Farm |
| 12:36 | Crear | Villager (Male) |
| 13:18 | Construir | House |
| 13:29 | Construir | Market |
| 13:47 | Construir | Farm |
| 14:18 | Investigar | Horse Collar |
| 14:28 | Construir | Farm |
| 14:29 | Construir | Farm |
| 14:53 | Construir | Lumber Camp |
| 14:57 | Crear | Villager (Male) |
| 14:57 | Crear | Villager (Male) |
| 14:59 | Investigar | Castle Age |
| 15:25 | Construir | Mining Camp |
| 17:29 | Crear | Villager (Male) |
| 17:29 | Crear | Villager (Male) |
| 17:30 | Crear | Villager (Male) |
| 17:37 | Investigar | Stone Mining |
| 17:37 | Investigar | Gold Mining |
| 17:39 | Edad | Edad de los Castillos |
| 17:44 | Investigar | Bow Saw |
| 17:47 | Crear | Villager (Male) |
| 18:03 | Crear | Villager (Male) |
| 18:23 | Crear | Villager (Male) |
| 18:24 | Crear | Villager (Male) |
| 18:32 | Construir | Barracks |
| 18:40 | Construir | House |
| 18:42 | Construir | House |
| 19:28 | Crear | Villager (Male) |
| 19:28 | Crear | Villager (Male) |
| 20:06 | Construir | Castle |
| 20:12 | Investigar | Heavy Plow |
| 21:15 | Construir | Farm |
| 21:17 | Crear | Villager (Male) |
| 21:17 | Crear | Villager (Male) |
| 21:54 | Construir | University |
| 22:35 | Crear | Villager (Male) |
| 22:35 | Crear | Villager (Male) |
| 22:35 | Crear | Villager (Male) |
| 22:54 | Construir | Mining Camp |
| 23:05 | Construir | Stable |
| 23:06 | Construir | Stable |
| 23:10 | Crear | Organ Gun |
| 23:10 | Crear | Organ Gun |
| 23:22 | Crear | Organ Gun |
| 23:52 | Crear | Villager (Male) |
| 23:52 | Crear | Villager (Male) |
| 23:52 | Crear | Villager (Male) |
| 23:53 | Crear | Villager (Male) |
| 23:58 | Construir | Farm |
| 24:32 | Construir | Farm |
| 24:44 | Construir | Farm |
| 25:19 | Crear | Knight |
| 25:19 | Crear | Knight |
| 25:20 | Crear | Knight |
| 26:12 | Crear | Organ Gun |
| 26:12 | Crear | Organ Gun |
| 26:16 | Investigar | Imperial Age |
| 28:49 | Crear | Organ Gun |
| 28:49 | Crear | Organ Gun |
| 28:52 | Crear | Knight |
| 28:52 | Crear | Knight |
| 28:52 | Crear | Knight |
| 28:52 | Crear | Knight |
| 28:53 | Crear | Knight |
| 28:57 | Construir | Stable |
| 28:59 | Construir | Stable |
| 29:26 | Edad | Edad Imperial |
| 29:35 | Crear | Organ Gun |
| 29:36 | Crear | Organ Gun |
| 29:46 | Construir | Feitoria |
| 29:48 | Construir | Feitoria |
| 29:57 | Construir | House |
| 29:57 | Construir | House |
| 29:58 | Construir | House |
| 29:58 | Construir | House |
| 29:58 | Construir | House |
| 29:59 | Construir | House |
| 29:59 | Construir | House |
| 30:00 | Construir | House |
| 30:00 | Construir | House |
| 30:01 | Construir | House |
| 30:01 | Construir | House |
| 30:02 | Construir | House |
| 30:02 | Construir | House |
| 30:03 | Construir | House |
| 30:03 | Construir | House |
| 30:04 | Construir | House |
| 30:04 | Construir | House |
| 30:06 | Construir | House |
| 30:06 | Construir | House |
| 30:06 | Construir | House |
| 30:07 | Construir | House |
| 30:07 | Construir | House |
| 30:07 | Construir | House |
| 30:08 | Construir | House |
| 30:08 | Construir | House |
| 30:08 | Construir | House |
| 30:09 | Construir | House |
| 30:09 | Construir | House |
| 30:09 | Construir | House |
| 30:09 | Construir | House |
| 30:10 | Construir | House |
| 30:32 | Crear | Organ Gun |
| 30:32 | Crear | Organ Gun |
Build order — gregor.rus14
Primeras 150 de 406 acciones detectadas
| 0:01 | Crear | Villager (Male) |
| 0:01 | Crear | Villager (Male) |
| 0:03 | Construir | House |
| 0:06 | Construir | House |
| 0:15 | Crear | Villager (Male) |
| 0:15 | Crear | Villager (Male) |
| 1:30 | Crear | Villager (Male) |
| 1:30 | Crear | Villager (Male) |
| 2:08 | Crear | Villager (Male) |
| 2:09 | Crear | Villager (Male) |
| 2:39 | Crear | Villager (Male) |
| 2:40 | Crear | Villager (Male) |
| 3:12 | Crear | Villager (Male) |
| 3:15 | Construir | House |
| 3:21 | Construir | Lumber Camp |
| 3:25 | Crear | Villager (Male) |
| 3:36 | Construir | House |
| 3:48 | Crear | Villager (Male) |
| 4:58 | Crear | Villager (Male) |
| 4:58 | Crear | Villager (Male) |
| 5:48 | Crear | Villager (Male) |
| 5:48 | Crear | Villager (Male) |
| 6:16 | Construir | Mill |
| 6:24 | Crear | Villager (Male) |
| 6:42 | Crear | Villager (Male) |
| 7:17 | Crear | Villager (Male) |
| 7:54 | Crear | Villager (Male) |
| 7:56 | Crear | Villager (Male) |
| 8:02 | Construir | House |
| 8:20 | Crear | Villager (Male) |
| 8:49 | Crear | Villager (Male) |
| 8:53 | Investigar | Feudal Age |
| 9:29 | Crear | Villager (Male) |
| 9:39 | Construir | Barracks |
| 9:53 | Construir | Farm |
| 9:59 | Construir | Farm |
| 10:03 | Construir | Farm |
| 10:08 | Construir | Farm |
| 11:04 | Construir | House |
| 11:10 | Crear | Villager (Male) |
| 11:44 | Edad | Edad Feudal |
| 11:46 | Construir | Market |
| 11:57 | Construir | Stable |
| 12:05 | Crear | Villager (Male) |
| 12:42 | Crear | Villager (Male) |
| 12:53 | Construir | Mining Camp |
| 13:04 | Construir | Farm |
| 13:06 | Investigar | Castle Age |
| 13:11 | Construir | Farm |
| 13:21 | Construir | Farm |
| 13:28 | Construir | House |
| 13:29 | Construir | House |
| 13:45 | Investigar | Double-Bit Axe |
| 14:05 | Crear | Scout Cavalry |
| 14:28 | Crear | Scout Cavalry |
| 14:59 | Crear | Villager (Male) |
| 15:00 | Crear | Villager (Male) |
| 15:20 | Construir | Palisade Wall |
| 15:26 | Construir | Farm |
| 15:29 | Construir | Farm |
| 15:32 | Construir | Farm |
| 15:47 | Edad | Edad de los Castillos |
| 16:04 | Construir | Town Center |
| 16:17 | Construir | Monastery |
| 16:25 | Crear | Villager (Male) |
| 16:25 | Crear | Villager (Male) |
| 16:56 | Construir | Farm |
| 17:18 | Crear | Villager (Male) |
| 17:18 | Crear | Villager (Male) |
| 17:19 | Crear | Villager (Male) |
| 17:31 | Crear | Monk |
| 17:51 | Construir | Farm |
| 17:54 | Crear | Villager (Male) |
| 17:56 | Crear | Villager (Male) |
| 18:27 | Construir | Town Center |
| 18:50 | Crear | Monk |
| 19:08 | Crear | Villager (Male) |
| 19:08 | Crear | Villager (Male) |
| 19:09 | Crear | Villager (Male) |
| 19:09 | Crear | Villager (Male) |
| 19:14 | Construir | Farm |
| 19:17 | Construir | Farm |
| 19:41 | Crear | Villager (Male) |
| 19:42 | Crear | Villager (Male) |
| 19:53 | Construir | Farm |
| 20:02 | Construir | House |
| 20:03 | Construir | House |
| 20:03 | Construir | House |
| 20:10 | Crear | Villager (Male) |
| 20:11 | Crear | Villager (Male) |
| 20:17 | Crear | Villager (Male) |
| 20:17 | Crear | Villager (Male) |
| 20:23 | Crear | Villager (Male) |
| 20:23 | Crear | Villager (Male) |
| 20:32 | Crear | Monk |
| 20:38 | Crear | Villager (Male) |
| 20:39 | Crear | Villager (Male) |
| 20:40 | Crear | Villager (Male) |
| 20:41 | Crear | Villager (Male) |
| 21:17 | Crear | Villager (Male) |
| 21:18 | Crear | Villager (Male) |
| 21:19 | Crear | Villager (Male) |
| 21:37 | Construir | House |
| 21:39 | Construir | House |
| 21:39 | Construir | House |
| 21:40 | Construir | House |
| 21:40 | Construir | House |
| 21:40 | Construir | House |
| 21:41 | Construir | House |
| 21:42 | Crear | Villager (Male) |
| 21:43 | Crear | Villager (Male) |
| 21:44 | Crear | Villager (Male) |
| 21:44 | Crear | Villager (Male) |
| 22:12 | Investigar | Wheelbarrow |
| 22:15 | Crear | Villager (Male) |
| 22:15 | Crear | Villager (Male) |
| 22:23 | Crear | Villager (Male) |
| 22:23 | Crear | Villager (Male) |
| 23:14 | Crear | Villager (Male) |
| 23:15 | Crear | Villager (Male) |
| 23:15 | Crear | Villager (Male) |
| 23:17 | Crear | Villager (Male) |
| 23:17 | Crear | Villager (Male) |
| 23:39 | Construir | Blacksmith |
| 23:48 | Construir | Farm |
| 23:48 | Construir | Farm |
| 23:48 | Construir | Farm |
| 23:49 | Construir | Farm |
| 23:49 | Construir | Farm |
| 23:50 | Construir | Farm |
| 23:52 | Construir | Farm |
| 24:05 | Crear | Villager (Male) |
| 24:07 | Crear | Villager (Male) |
| 24:07 | Crear | Villager (Male) |
| 24:08 | Crear | Villager (Male) |
| 24:09 | Crear | Villager (Male) |
| 24:32 | Construir | Farm |
| 24:36 | Crear | Villager (Male) |
| 24:36 | Crear | Villager (Male) |
| 24:36 | Crear | Villager (Male) |
| 24:44 | Construir | Castle |
| 24:52 | Construir | House |
| 24:54 | Construir | House |
| 24:58 | Construir | House |
| 25:02 | Construir | House |
| 25:14 | Crear | Villager (Male) |
| 25:14 | Crear | Villager (Male) |
| 25:15 | Crear | Villager (Male) |
| 25:15 | Crear | Villager (Male) |
| 25:16 | Crear | Villager (Male) |
Cronología de la partida
| 6:14 | CAMPURRIANAS · first_building Barracks |
| 9:39 | gregor.rus14 · first_building Barracks |
| 10:16 | ModernSamurai · first_building Barracks |
| 10:47 | nicodomax · age_up feudal |
| 10:56 | ModernSamurai · age_up feudal |
| 11:44 | gregor.rus14 · age_up feudal |
| 11:51 | LanChesslot · age_up feudal |
| 11:57 | gregor.rus14 · first_building Stable |
| 12:23 | KcoasRaulMx · age_up feudal |
| 12:32 | ModernSamurai · first_building Archery Range |
| 12:43 | CAMPURRIANAS · age_up feudal |
| 13:15 | CAMPURRIANAS · first_building Stable |
| 15:20 | gregor.rus14 · wall_segment Palisade Wall x1 |
| 15:47 | gregor.rus14 · age_up castle |
| 16:17 | gregor.rus14 · first_building Monastery |
| 16:36 | CAMPURRIANAS · first_market_sell 100 wood |
| 16:40 | CAMPURRIANAS · first_market_buy 100 food |
| 17:01 | LanChesslot · age_up castle |
| 17:11 | KcoasRaulMx · first_building Barracks |
| 17:39 | nicodomax · age_up castle |
| 17:52 | LanChesslot · first_building Barracks |
| 18:17 | KcoasRaulMx · first_building Stable |
| 18:32 | nicodomax · first_building Barracks |
| 19:38 | KcoasRaulMx · age_up castle |
| 19:43 | CAMPURRIANAS · age_up castle |
| 20:06 | nicodomax · first_building Castle |
| 20:19 | KcoasRaulMx · first_building Siege Workshop |
| 23:05 | nicodomax · first_building Stable |
| 23:24 | LanChesslot · first_building Siege Workshop |
| 24:44 | gregor.rus14 · first_building Castle |
| 24:55 | ModernSamurai · age_up castle |
| 25:43 | KcoasRaulMx · first_building Castle |
| 29:26 | nicodomax · age_up imperial |
| 29:39 | gregor.rus14 · first_market_buy 100 food |
| 30:31 | ModernSamurai · first_building Castle |
| 32:14 | LanChesslot · first_building Castle |
| 32:25 | nicodomax · first_market_sell 100 food |
| 32:52 | KcoasRaulMx · first_market_sell 100 wood |
| 34:14 | CAMPURRIANAS · first_building Archery Range |
| 35:22 | CAMPURRIANAS · first_building Monastery |
| 35:23 | gregor.rus14 · age_up imperial |
| 36:09 | KcoasRaulMx · age_up imperial |
| 37:11 | gregor.rus14 · first_building Archery Range |
| 38:10 | CAMPURRIANAS · first_building Castle |
| 38:22 | nicodomax · first_building Siege Workshop |
| 38:33 | ModernSamurai · age_up imperial |
| 39:39 | CAMPURRIANAS · age_up imperial |
| 41:49 | LanChesslot · first_market_buy 100 stone |
| 43:15 | CAMPURRIANAS · first_building Siege Workshop |
| 45:02 | KcoasRaulMx · wall_segment Stone Wall x1 |
| 49:53 | CAMPURRIANAS · wall_segment Stone Wall x34 |
| 51:56 | LanChesslot · age_up imperial |
| 52:03 | nicodomax · tribute_sent a jugador 1 |
| 52:03 | nicodomax · tribute_sent a jugador 2 |
| 52:03 | nicodomax · tribute_sent a jugador 3 |
| 52:03 | nicodomax · tribute_sent a jugador 4 |
| 52:03 | nicodomax · tribute_sent a jugador 6 |
| 54:52 | ModernSamurai · resign |
[ ANÁLISIS IA · 1 CRÉDITO ]
¿Qué pasó realmente en esta partida?
Wolo.gg analiza cada decisión: build order, eco, micro, errores típicos por bracket. Análisis personalizado por WhatsApp o Discord en 30 segundos.
Guía civ
Teutones
Perfil
KcoasRaulMx